 Dungeon Crawl Stone Soup version 0.29.1-1-gd02db69 (webtiles) character file.

Game seed: 8986590899136164616

25 Kel the Shield-Bearer (level 2, -1/29 HPs)
             Began as a Troll Fighter on Jan 26, 2023.
             Was an Initiate of Trog.
             Slain by a gnoll
             ... wielding a +0 flail
              (6 damage)
             ... on level 2 of the Dungeon.
             The game lasted 00:01:12 (569 turns).

Kel the Shield-Bearer (Troll Fighter)                Turns: 569, Time: 00:01:13

Health: -1/29      AC:  4    Str: 23    XL:     2   Next: 86%
Magic:  1/1        EV:  8    Int:  4    God:    Trog [......]
Gold:   65         SH:  7    Dex:  9    Spells: 1/1 levels left

rFire   . . .      SeeInvis .     - Unarmed
rCold   . . .      Faith    .   b - +0 kite shield
rNeg    . . .      Spirit   .   a - +0 robe
rPois   .          Reflect  .   (helmet restricted)
rElec   .          Harm     .   (no cloak)
rCorr   .          Rampage  .   (gloves unavailable)
Will    .....                   (boots unavailable)
Stlth   +.........              (no amulet)
HPRegen 0.89/turn               (no ring)
MPRegen 0.07/turn               (no ring)

@: no status effects
A: large, unfitting armour, claws 3, regeneration 1, shaggy fur 1, tough skin 1
a: Renounce Religion


You were on level 2 of the Dungeon.
You worshipped Trog.
Trog was noncommittal.
You visited 1 branch of the dungeon, and saw 2 of its levels.

You collected 65 gold pieces.

Inventory:

Missiles
 d - 2 throwing nets (quivered)
Armour
 a - a +0 robe (worn)
 b - a +0 kite shield (worn)
Scrolls
 g - a scroll of vulnerability {unknown}
 h - a scroll of fear {unknown}
 j - a scroll of enchant weapon {unknown}
 k - a scroll of identify {unknown}
Potions
 c - 2 potions of might
 e - a potion of attraction {unknown}
 f - a potion of heal wounds {unknown}
 i - 2 potions of mutation {unknown}


   Skills:
 + Level 2.6 Fighting
 + Level 2.6 Dodging
 + Level 2.9 Shields
 * Level 2.6 Unarmed Combat


You had one spell level left.
You didn't know any spells.
Your spell library was empty.

Dungeon Overview and Level Annotations

Branches:
Dungeon (2/15)

Altars:
Trog


Innate Abilities, Weirdness & Mutations

You are too large for most types of armour.
You have claws for hands.
Your natural rate of healing is unusually fast.
You are covered in fur. (AC +1)
You have tough skin. (AC +1)


Message History

The hobgoblin hits you.
The gnoll moves out of view.
You barely miss the hobgoblin. The hobgoblin closely misses you.
You scratch the hobgoblin.
The hobgoblin is heavily wounded.
The kobold hits you with a +0 club. The hobgoblin hits you.
You barely miss the hobgoblin.
The hobgoblin is heavily wounded.
The hobgoblin barely misses you. The kobold hits you but does no damage.
You barely miss the hobgoblin.
The hobgoblin is heavily wounded.
The kobold barely misses you. The hobgoblin barely misses you.
You scratch the hobgoblin.
You kill the hobgoblin!
Trog accepts your kill. The kobold hits you with a +0 club.
You scratch the gnoll but do no damage. The kobold hits you but does no damage.
The gnoll hits you from afar with a +0 spear.
The gnoll hits you with a +0 flail.
You claw the gnoll!
The gnoll is severely wounded.
The gnoll hits you but does no damage. The kobold barely misses you.
The gnoll hits you from afar with a +0 spear.
You block the gnoll's attack.
The gnoll hits you from afar with a +0 spear. x2
The kobold barely misses you. The gnoll hits you with a +0 flail.
* * * LOW HITPOINT WARNING * * *
You are too injured to fight recklessly!
Okay, then.
Okay, then.
The gnoll attacks as you move away! The gnoll hits you but does no damage.
You block the gnoll's attack. The kobold hits you but does no damage.
The gnoll hits you with a +0 spear.
* * * LOW HITPOINT WARNING * * *
The gnoll attacks as you move away! The gnoll closely misses you.
The gnoll barely misses you. You block the kobold's attack.
The gnoll closely misses you.
The gnoll hits you from afar with a +0 spear.
* * * LOW HITPOINT WARNING * * *
The gnoll hits you with a +0 flail.
You die...

#.#.# ### #.# ..# #.# #.#
### #.# #.# ..## #.##
#.#######. ..>## #..#
#.g....... '...## ##.#
#†g......#
#....#####.######gK#......
#...............@..g#
#....#####.##########
#...## #.# #...# #.# #.#.#
#.# #.#.# #.# #...# #.#
+.### #.# ...


You could see 4 gnolls and a kobold.

Vanquished Creatures
  2 dart slugs (D:1)
  A bat (D:1)
  2 giant cockroaches (D:1)
  3 goblins (D:1)
  2 hobgoblins
  A quokka (D:2)
  A ball python (D:1)
  3 frilled lizards (D:1)
  3 kobolds (D:1)
  3 rats (D:1)
21 creatures vanquished.

Notes
Turn   | Place    | Note
-------+----------+-------------------------------------------
     0 | D:1      | Kel the Troll Fighter began the quest for the Orb.
     0 | D:1      | Reached XP level 1. HP: 22/22 MP: 0/0
   105 | D:1      | Reached XP level 2. HP: 26/29 MP: 1/1
   467 | D:2      | Found a bloodstained altar of Trog.
   472 | D:2      | Became a worshipper of Trog the Wrathful
   569 | D:2      | Slain by a gnoll

Illustrated notes

Levels and vault maps discovered:
D:1:      tarquinn_simple_flora_water_b, layout_rooms
D:2:      wad_river_or_something, layout_loops_ring, basic_altar,
          shapermc_ecumenical_altar_notcrosses, minivault_11

Action                   || total
-------------------------++-------
Melee: Unarmed           ||    43
Armor: Robe              ||    12
Dodge: Dodged            ||    27
Block: Kite shield       ||    12
